 Dungeon Crawl Stone Soup version 0.32-a0-699-g1ee5eff69a (webtiles) character file.

Game seed: 16115783435826559795

9 ytrimaz the Digger (level 2, -4/17 HPs)
             Began as an Octopode Earth Elementalist on Mar 14, 2024.
             Frozen to death by an endoplasm (5 damage)
             ... on level 1 of the Dungeon.
             The game lasted 00:00:22 (251 turns).

ytrimaz the Digger (Octopode Earth Elementalist)     Turns: 251, Time: 00:00:22

Health: -4/17      AC:  1    Str:  7    XL:     2   Next: 16%
Magic:  3/5        EV: 12    Int: 17    God:
Gold:   0          SH:  0    Dex: 12    Spells: 4/5 levels left

rFire   . . .        (no weapon)
rCold   . . .        (no shield)
rNeg    . . .        (helmet restricted)
rPois   .            (no amulet)
rElec   .            (no ring)
rCorr   .            (no ring)
SInv    .            (no ring)
Will    .....        (no ring)
Stlth   +++          (no ring)
HPRegen 0.22/turn    (no ring)
MPRegen 0.09/turn    (no ring)
                     (no ring)

%: no passive effects
@: no status effects
A: almost no armour, amphibious, 8 rings, camouflage 1, gelatinous body 1,
(nimble swimmer 1), tentacles
a: no special abilities


You were on level 1 of the Dungeon.
You visited 1 branch of the dungeon, and saw 1 of its levels.


Innate Abilities, Weirdness & Mutations

You cannot wear most types of armour.
You are amphibious.
You can wear up to eight rings at the same time.
Your skin changes colour to match your surroundings (Stealth+).
Your rubbery body absorbs attacks. (AC +1, EV +1)
((You are camouflaged when in or above water. (Stealth+)))
You have tentacles for arms and can constrict up to eight enemies at once.


   Skills:
 - Level 2.0 Dodging
 - Level 2.6 Stealth
 + Level 0.8 Unarmed Combat
 + Level 2.2 Spellcasting
 - Level 1.0 Conjurations
 + Level 3.2 Earth Magic


You had 4 spell levels left.
You knew the following spells:

 Your Spells              Type           Power      Damage    Failure   Level
a - Sandblast             Erth           24%        2d8       4%          1

Your spell library contained the following spells:

 Spells                   Type           Power      Damage    Failure   Level
 Passwall                 Erth           12%        N/A       16%         3
 Stone Arrow              Conj/Erth      18%        3d8       24%         3
 Brom's Barrelling Bould  Conj/Erth      9%         2d3       61%         4
 Petrify                  Alch/Erth      7%         N/A       69%         4

Inventory:

Potions
 a - a potion of magic
 b - a potion of haste {unknown}

Dungeon Overview and Level Annotations

Branches:
Dungeon (1/15) Zot: 5746

Altars:

#.# #.# #.# #.# ###
#.# #.# .[.
###.#######.# #
#.###...........#
#.#.........#######
#....#.......#
#..^..........#
#..Sg†@b......#
........J........
###...#.......###
######..:...#
##...#.# ####.#


You could see an endoplasm, a goblin, a bat and a ball python.


Message History

Key pressed, stopping explore.
Unknown command.
A rat comes into view.
Unknown command.
A rat is nearby!
A rat is nearby!
A ball python and an endoplasm come into view.
Unknown command.
A bat comes into view.
The helpless rat fails to defend itself.
You tentacle-slap the rat.
You kill the rat!
Unknown command.
A quokka comes into view.
Unknown command.
Found a stone staircase leading down.
Unknown command.
The helpless bat fails to defend itself.
You tentacle-slap the bat. Your grab misses the bat. The bat barely misses you.
You tentacle-slap the bat but do no damage.
Your grab misses the bat. The bat closely misses you.
You tentacle-slap the bat but do no damage.
Your grab misses the bat. The bat closely misses you.
The bat barely misses you.
A bat is nearby!
You miss the bat. Your grab misses the bat.
The bat hits you but does no damage.
Unknown command.
A bat is nearby!
The bat misses you. The bat hits you but does no damage.
A bat is nearby!
You barely miss the bat. Your grab misses the bat. The bat misses you.
The bat misses you.
You barely miss the bat. Your grab misses the bat.
The bat hits you but does no damage. The bat barely misses you.
You tentacle-slap the bat but do no damage.
Your grab misses the bat. The bat closely misses you. x2
You tentacle-slap the bat. Your grab misses the bat. You squeeze the bat.
You kill the bat!
No target in view!
There are monsters nearby!
There are monsters nearby!
There are monsters nearby!
A goblin and a bat come into view.
The ball python hisses angrily.
The endoplasm quivers.
The blast of sand hits the quokka!
You kill the quokka!
The bat barely misses you. The endoplasm hits you. The bat misses you.
The endoplasm hits you. 😕 HP[-2] MP[-1]
You take 2 damage, and now have 15/17 hp.
You lost 1 mp, and now have 4/5 mp.
Unknown command.
The blast of sand hits the bat.
The goblin shouts!
The bat hits you but does no damage. The endoplasm freezes you.
You are frozen.
A ball python comes into view.
The bat misses you.
The ball python misses you. 😕 HP[-2] MP[-1]
You take 2 damage, and now have 13/17 hp.
You lost 1 mp, and now have 3/5 mp.
You barely miss the endoplasm. The bat hits you but does no damage.
The endoplasm hits you. The ball python misses you.
The ball python closely misses you.
Unknown command. 😮 HP[-2]
You take 2 damage, and now have 11/17 hp.
The ball python hisses angrily.
You tentacle-slap the endoplasm. The bat hits you but does no damage.
The ball python bites you. The ball python grabs you.
The ball python constricts you. The endoplasm hits you.
* * * LOW HITPOINT WARNING * * *
😨 HP[-3]
You take 3 damage, and now have 8/17 hp.
You tentacle-slap the endoplasm.
You squeeze the endoplasm, but do no damage.
The bat barely misses you. The ball python barely misses you.
The ball python constricts you.
* * * LOW HITPOINT WARNING * * *
The endoplasm hits you.
* * * LOW HITPOINT WARNING * * *
The ball python bites you.
* * * LOW HITPOINT WARNING * * *
The ball python constricts you.
* * * LOW HITPOINT WARNING * * *
😱 HP[-6]
You take 6 damage, and now have 2/17 hp.
MASSIVE DAMAGE!! (PAUSE)
You closely miss the ball python. You grab the ball python.
You constrict the ball python.
You kill the ball python!
The bat hits you.
* * * LOW HITPOINT WARNING * * *
The endoplasm freezes you.
You are frozen.
You die...

Action                     || total
---------------------------++-------
  Melee: Unarmed           ||    23
         Tentacles         ||     2
         Constrict         ||     1
   Cast: Sandblast         ||     4
    Use: Potion            ||     1
   Stab: Sleeping          ||     2
 Armour: Skin              ||    37
  Dodge: Dodged            ||    27

Levels and vault maps discovered:
D:1:      lightli_arrival_chessboard, layout_loops_ring,
          amcnicky_mini_pool_small, minmay_lizard_pond

Notes
Turn   | Place    | Note
-------+----------+-------------------------------------------
     0 | D:1      | ytrimaz the Octopode Earth Elementalist began the quest for
                  | the Orb.
     0 | D:1      | Reached XP level 1. HP: 11/11 MP: 3/3
     0 | D:1      | magus.rc [v1.9.6]
    88 | D:1      | HP: 1/11 [frilled lizard (2)]
    97 | D:1      | Reached XP level 2. HP: 3/17 MP: 5/5
   250 | D:1      | HP: 3/17 [ball python (3)]
   251 | D:1      | HP: 1/17 [bat (1)]
   251 | D:1      | Frozen to death by an endoplasm

Vanquished Creatures
  A dart slug (D:1)
  2 ball pythons (D:1)
  A quokka (D:1)
  A bat (D:1)
  4 frilled lizards (D:1)
  A rat (D:1)
10 creatures vanquished.

Table legend:
 A = Non-vault XP
 B = Vault XP
 C = Vault XP percentage of total XP
 D = Non-vault monster count
 E = Vault monster count
 F = Vault count percentage of total count
                 A         B        C        D         E       F
            +---------+---------+-------+---------+---------+-------
      Total |      11 |       4 |  26.7 |       6 |       4 |  40.0
            +---------+---------+-------+---------+---------+-------
        D:1 |      11 |       4 |  26.7 |       6 |       4 |  40.0
            +---------+---------+-------+---------+---------+-------

Action                     || total
---------------------------++-------
  Melee: Unarmed           ||    23
         Tentacles         ||     2
         Constrict         ||     1
   Cast: Sandblast         ||     4
    Use: Potion            ||     1
   Stab: Sleeping          ||     2
 Armour: Skin              ||    37
  Dodge: Dodged            ||    27

Illustrated notes

Table legend:
 A = Kills in this place as a percentage of kills in the entire game.
 B = Kills by you in this place as a percentage of kills by you in the entire game.
 C = Kills by friends in this place as a percentage of kills by friends in the entire game.
 D = Other kills in this place as a percentage of other kills in the entire game.
 E = Experience gained in this place as a percentage of experience gained in the entire game.
 F = Experience gained in this place divided by the number of levels of this place that you have seen.
                   A       B       C       D       E      F
               +-------+-------+-------+-------+-------+----------------------
         Total | 100.0 | 100.0 |   N/A |   N/A | 100.0 |  15.0
       Dungeon | 100.0 | 100.0 |   N/A |   N/A | 100.0 |  15.0
               +-------+-------+-------+-------+-------+----------------------

Table legend: (Time is in decaauts)
 A = Elapsed time spent in this place.
 B = Non-inter-level travel time spent in this place.
 C = Inter-level travel time spent in this place.
 D = Time resting spent in this place.
 E = Time spent auto-exploring this place.
 F = Levels seen in this place.
 G = Mean time per level.
                   A        B        C        D        E       F      G
               +--------+--------+--------+--------+--------+-----+--------+
         Total |    252 |    252 |      0 |      0 |    189 |   1 |  252.0 |
       Dungeon |    252 |    252 |      0 |      0 |    189 |   1 |  252.0 |
               +--------+--------+--------+--------+--------+-----+--------+

Top non-repeatable levels by time:
     D:1: 252 daAuts
